 Dungeon Crawl Stone Soup version 0.25.1-2-g60ff931df9 (webtiles) character file.

Game seed: 13363348399392658559

1497 Cheops the Slinger (level 9, -5/54 HPs)
             Began as a Halfling Hunter on Sept 30, 2020.
             Was an Initiate of Okawaru.
             Killed from afar by an orc wizard (9 damage)
             ... with a magic dart
             ... on level 6 of the Dungeon.
             The game lasted 00:22:39 (8108 turns).

Cheops the Slinger (Halfling Hunter)                Turns: 8108, Time: 00:22:39

Health: -5/54      AC:  0    Str: 13    XL:     9   Next: 8%
Magic:  0/12       EV: 15    Int:  9    God:    Okawaru [......]
Gold:   305        SH:  0    Dex: 18    Spells: 8/8 levels left

rFire    . . .     SeeInvis .   a - +2 hunting sling
rCold    . . .     Gourm    .   (shield restricted)
rNeg     . . .     Faith    .   c - +0 leather armour
rPois    .         Spirit   +   (no helmet)
rElec    .         Reflect  .   (no cloak)
rCorr    .         Harm     .   g - +0 pair of gloves
MR       .....                  (no boots)
Stlth    ++++......             k - amulet of guardian spirit
HPRegen  0.18/turn              n - ring of stealth
MPRegen  0.13/turn              (no ring)

@: corroded
A: small, mutation resistance 1
a: Renounce Religion


You were on level 6 of the Dungeon.
You worshipped Okawaru.
Okawaru was noncommittal.
You were not hungry.

You visited 2 branches of the dungeon, and saw 7 of its levels.
You also visited: Sewer.

You collected 305 gold pieces.

Inventory:

Hand Weapons
 a - a +2 hunting sling (weapon)
 b - a +1 short sword of draining
Missiles
 A - 75 stones
 B - 49 sling bullets (quivered)
 C - 5 boomerangs
 D - 19 poisoned darts
Armour
 c - a +0 leather armour (worn)
 g - a +0 pair of gloves (worn)
Jewellery
 i - a +4 ring of protection {unknown}
 k - an amulet of guardian spirit (around neck)
 n - a ring of stealth (left hand)
Wands
 t - a wand of polymorph (5)
Scrolls
 h - 3 scrolls of blinking
 p - a scroll of teleportation
 v - a scroll of fear
Potions
 d - 2 potions of brilliance
 e - 3 potions of cancellation
 l - 2 potions of lignification
 m - 2 potions of heal wounds
 r - a potion of magic
 s - 3 potions of curing
 x - a potion of flight
Comestibles
 f - 9 rations


   Skills:
 - Level 2.0 Fighting
 - Level 4.2 Short Blades
 - Level 12.0 Slings
 - Level 3.0 Dodging
 - Level 5.0 Stealth
 * Level 4.6 Invocations


You had 8 spell levels left.
You didn't know any spells.
Your spell library was empty.

Dungeon Overview and Level Annotations

Branches:
Dungeon (6/15)             Temple (1/1) D:4           Sewer (visited)

Altars:
Dithmenos
Elyvilon
Fedhas
Hepliaklqana
Makhleb
Okawaru
Qazlal
Ru
Trog
Vehumet
Wu Jian
Xom
Zin


Innate Abilities, Weirdness & Mutations

You are small and have problems with some larger weapons.
You are somewhat resistant to further mutation.


Message History

You shoot a sling bullet. The sling bullet hits the jelly!
You kill the jelly!
Okawaru accepts your kill.
Firing (i - inventory. (/) - cycle)
B - 53 sling bullets (quivered)
Press: ? - help, Shift-Dir - straight line You shoot a sling bullet.
Firing (i - inventory. (/) - cycle)
B - 52 sling bullets (quivered)
Press: ? - help, Shift-Dir - straight line You shoot a sling bullet.
Something hits you.
* * * LOW HITPOINT WARNING * * *
Firing (i - inventory. (/) - cycle)
B - 51 sling bullets (quivered)
Press: ? - help, Shift-Dir - straight line You shoot a sling bullet.
Firing (i - inventory. (/) - cycle)
B - 50 sling bullets (quivered)
Press: ? - help, Shift-Dir - straight line You shoot a sling bullet.
You hear some strange, mumbled words.
A magic dart appears from out of thin air!
The magic dart hits you!
You die...

,,,,*#.#'#.##+##.#....###.#.#.##.
,,,,##+#.#.##.(..#....# #.#.#.##'
,,,,#....#.....[......###.#.#....
****#....#..#.##.#...............
#.[..#..#.##.#....#####......
#....#..#....#.#..........###
#....#..#<...#.#.(#.......#
#....#.......#...>##.###.##
#....#....##@#*#((#.......#**
#....#....##{# #.(#....#..#,,
#####....#....##(# #..#<......#,*
.........#.......###(.#..#....#,*
######.#.........(....#.......#,*
####.#.##.##..(####(#.......#,*
#..................(#.##.##.#,*
######.#######(.###.(.....,..(,
#.# ##.# ######.##,#.*


There were no monsters in sight!

Vanquished Creatures
  Grinder (D:3)
  Sigmund (D:2)
  2 centaurs
  A crocodile (Sewer)
  A bullfrog (D:5)
  A scorpion (D:4)
  A howler monkey (D:5)
  A crimson imp (D:5)
  2 jellies
  A centaur skeleton (D:5)
  3 hounds
  An orc priest (D:3)
  A bullfrog skeleton (D:4)
  Natasha (thrice) (D:3)
  Terence (D:3)
  3 orc wizards (D:5)
  A hound skeleton (D:4)
  11 gnolls
  5 adders
  A river rat (D:3)
  5 worms
  A dart slug (D:2)
  4 leopard geckos
  12 orcs
  5 ball pythons
  10 bats
  7 giant cockroaches
  2 goblins (D:3)
  10 hobgoblins
  15 jackals
  A quokka (D:2)
  2 frilled lizards
  13 kobolds
  A leopard gecko skeleton (D:4)
  12 rats
142 creatures vanquished.

Notes
Turn   | Place    | Note
-------+----------+-------------------------------------------
     0 | D:1      | Cheops the Halfling Hunter began the quest for the Orb.
     0 | D:1      | Reached XP level 1. HP: 14/14 MP: 1/1
   297 | D:1      | Reached skill level 1 in Short Blades
   300 | D:1      | Reached XP level 2. HP: 13/19 MP: 2/2
   444 | D:1      | Reached skill level 6 in Slings
   838 | D:1      | Reached XP level 3. HP: 18/24 MP: 3/3
  1630 | D:2      | Noticed a shadow
  1631 | D:2      | Found a shadowy altar of Dithmenos.
  1632 | D:2      | Found a hazy altar of Hepliaklqana.
  1759 | D:2      | Reached XP level 4. HP: 17/29 MP: 4/4
  2255 | D:1      | Reached skill level 7 in Slings
  2628 | D:2      | Reached XP level 5. HP: 31/34 MP: 5/5
  2835 | D:2      | Noticed Sigmund
  2850 | D:2      | Killed Sigmund
  2850 | D:2      | Reached skill level 9 in Slings
  2850 | D:2      | Reached XP level 6. HP: 23/39 MP: 6/6
  3305 | D:3      | Noticed Natasha
  3319 | D:3      | Killed Natasha
  3319 | D:3      | Reached skill level 10 in Slings
  3466 | D:3      | Found a glowing drain.
  3523 | Sewer    | Entered a sewer
  3638 | Sewer    | Reached XP level 7. HP: 39/45 MP: 5/7
  3738 | D:3      | Noticed Terence
  3748 | D:3      | Killed Terence
  3808 | D:3      | Reached skill level 11 in Slings
  3931 | D:3      | Noticed Natasha
  3946 | D:3      | Killed Natasha
  4260 | D:3      | Noticed Grinder
  4275 | D:3      | Killed Grinder
  4275 | D:3      | Reached skill level 12 in Slings
  4275 | D:3      | Reached XP level 8. HP: 38/50 MP: 4/8
  4400 | D:3      | Found a blossoming altar of Fedhas.
  4646 | D:3      | Found a burning altar of Makhleb.
  4913 | D:3      | Noticed Natasha
  4921 | D:3      | Killed Natasha
  5191 | D:3      | Found a blossoming altar of Fedhas.
  5271 | D:3      | Found a burning altar of Makhleb.
  5719 | D:4      | Reached skill level 5 in Stealth
  6271 | D:4      | Found a staircase to the Ecumenical Temple.
  6506 | Temple   | Entered the Ecumenical Temple
  6747 | Temple   | Became a worshipper of Warmaster Okawaru
  6783 | D:5      | Entered Level 5 of the Dungeon
  6810 | D:5      | Reached skill level 1 in Invocations
  7318 | D:5      | Reached XP level 9. HP: 50/54 MP: 11/11
  7384 | D:5      | Found an iron altar of Okawaru.
  8108 | D:6      | Killed from afar by an orc wizard

Illustrated notes

Levels and vault maps discovered:
D:1:      scummos_arrival_simple_fountains, layout_basic, minmay_misc_feat_cross
D:2:      minmay_door_path, layout_basic, riverfiend_overflow_shadow_ancestor,
          uniq_sigmund
D:3:      layout_basic, fedhas_altar_1, lemuel_round_altar,
          portal_sewer_entry_a, hex_tiny, uniq_natasha, uniq_terence,
          uniq_grinder
D:4:      layout_loops_cross, minmay_temple_entry_overgrown, first_ration,
          chequers_serial_rivers_micro_e
D:5:      layout_basic, okawaru_metal_pillars_1_2
D:6:      minmay_opposing_rooms, layout_basic,
          nicolae_gozag_cash_rules_everything_around_me, lemuel_doored_altar
Temple:   jpeg_temple_island

Skill      XL: |  1  2  3  4  5  6  7  8  9 |
---------------+----------------------------+-----
Fighting       | 2 |  2.0
Short Blades   | 1 2 4 |  4.2
Slings         | 6 7 9 10 12 | 12.0
Dodging        | 3 |  3.0
Stealth        | 3 5 |  5.0
Invocations    | 3 4 |  4.6

Action                   |  1- 3 |  4- 6 |  7- 9 || total
-------------------------+-------+-------+-------++-------
Melee: Short sword       |   130 |    12 |     5 ||   147
 Fire: Hunting sling     |     6 |   177 |   365 ||   548
Evoke: Wand              |       |       |     2 ||     2
  Use: Scroll            |       |     7 |    11 ||    18
 Stab: Sleeping          |     5 |       |       ||     5
  Eat: Chunk             |     3 |     5 |    11 ||    19
       Ration            |       |       |     1 ||     1
Armor: Leather armour    |    32 |     9 |    12 ||    53
Dodge: Dodged            |   137 |    65 |    56 ||   258
